Map: Blueshift LE

Players

Fearomatic - Winner!

  • Race: Zerg Zerg
  • League: Master
  • Spawn Location: 1:00

Genix

  • Race: Protoss Protoss
  • League: Master
  • Spawn Location: 7:00

Event: DSCL Nationals 2018 - Finals

VOD

Have the link to the VOD?

Description

Time

  • Played on: Dec. 1, 2018, 4:23 a.m.
  • Length: 9:02

All games in this series

Show
View Real Time Build Order
Export as new Build Order

Fearomatic Zerg - Winner!

Build Orders: Hatch First 

Get SALT Encoding   

  12  0:00  Drone  
  13  0:12  Overlord  
  13  0:16  Drone  
  14  0:30  Drone x2  
  14  0:34  Drone  
  17  0:51  Hatchery  
  17  0:54  Drone  
  17  0:57  Drone  
  18  1:08  Extractor  
  17  1:12  Spawning Pool  
  17  1:14  Drone  
  17  1:18  Drone  
  18  1:29  Drone  
  19  1:38  Drone  
  20  1:48  Overlord  
  20  1:58  Queen  
  22  2:03  Drone  
  22  2:04  Queen  
  22  2:05  Zergling x2  
  26  2:15  Metabolic Boost  
  26  2:16  Drone x2  
  28  2:28  Hatchery  
  27  2:30  Drone  
  27  2:33  Drone  
  29  2:43  Zergling x6  
  32  2:50  Overlord  
  32  2:56  Drone  
  33  3:00  Drone  
  33  3:01  Queen  
  36  3:08  Drone  
  36  3:09  Drone  
  37  3:13  Drone  
  37  3:14  Drone, Overlord  
  37  3:15  Drone  
  37  3:16  Drone  
  37  3:19  Drone x2  
  43  3:23  Drone  
  44  3:38  Queen  
  44  3:39  Queen  
  48  3:42  Spore Crawler  
  48  3:43  Drone x3  
  48  3:47  Overlord  
  50  3:54  Spore Crawler  
  49  3:59  Extractor, Lair  
  49  4:01  Drone x2  
  50  4:05  Drone  
  50  4:07  Overlord  
  50  4:08  Drone  
  50  4:09  Drone  
  53  4:10  Drone  
  53  4:11  Drone  
  53  4:13  Drone x2  
  53  4:16  Drone  
  58  4:23  Evolution Chamber  
  57  4:24  Queen  
  57  4:30  Drone x3  
  57  4:31  Drone  
  62  4:33  Overlord  
  62  4:35  Drone x2  
  64  4:40  Drone x2  
  66  4:45  Spore Crawler  
  66  4:47  Overlord  
  66  4:48  Drone  
  66  4:51  Extractor, Zerg Missile Weapons Level 1  
  66  4:52  Drone x3  
  68  4:57  Drone x4  
  72  5:03  Hydralisk Den  
  72  5:04  Queen  
  73  5:07  Drone x2  
  73  5:12  Zergling x8  
  79  5:22  Drone x3  
  80  5:33  Muscular Augments  
  80  5:36  Extractor, Drone x3  
  80  5:37  Overlord x3  
  82  5:45  Extractor  
  82  5:46  Extractor  
  80  5:53  Spore Crawler  
  80  5:57  Drone x9  
  79  5:59  Drone x2  
  79  6:02  Overseer  
  89  6:11  Baneling Nest  
  89  6:14  Drone  
  89  6:18  Overlord  
  89  6:19  Hydralisk x4, Overlord x3  
  89  6:21  Zergling x2  
  98  6:29  Overlord x3  
  98  6:30  Hatchery  
  97  6:41  Overseer  
  97  6:44  Grooved Spines  
  97  6:45  Hydralisk x9  
  115  6:57  Hydralisk  
  115  6:58  Hydralisk x2  
  115  6:59  Zergling x2  
  115  7:00  Zergling x2  
  120  7:09  Zergling x4  
  120  7:10  Zergling x2  
  120  7:13  Zergling x2  
  120  7:14  Zergling x6  
  127  7:17  Hydralisk x5  
  135  7:27  Centrifical Hooks  
  135  7:29  Zergling x10  
  140  7:34  Baneling x4  
  140  7:35  Baneling x3  
  140  7:37  Zergling x2  
  141  7:45  Baneling x4  
  141  7:46  Baneling  
  141  7:47  Baneling  
  141  7:48  Zergling x12  
  141  7:49  Zergling x8  
  143  8:00  Zergling x12  
  145  8:08  Zergling x6  
  139  8:16  Zergling x16  
  145  8:23  Lurker Den, Baneling x6  
  145  8:26  Zergling x12  
  144  8:32  Zergling x2  
  134  8:40  Zergling x10  
  132  8:41  Baneling x5  
  132  8:42  Zergling x2  
  132  8:43  Zergling x8  
Show
View Real Time Build Order
Export as new Build Order

Genix Protoss 

Build Orders: 1 Gate Expand, Oracle Opening, Phoenix Opening, Archon Immortal 

Get SALT Encoding   

  12  0:00  Probe  
  13  0:12  Probe  
  14  0:20  Pylon  
  14  0:24  Probe  
  15  0:36  Probe  
  15  0:38  Gateway  
  16  0:44  Probe  
  16  0:45  Assimilator  
  17  0:52  Probe  
  18  1:04  Probe  
  19  1:16  Probe  
  20  1:27  Nexus  
  20  1:37  Cybernetics Core  
  20  1:38  Probe  
  21  1:45  Assimilator  
  21  1:50  Pylon  
  21  1:52  Probe  
  22  2:02  Probe  
  22  2:04  Adept  
  23  2:10  Probe  
  26  2:22  Probe, Stargate  
  27  2:30  Adept  
  27  2:34  Probe  
  27  2:35  Probe  
  27  2:36  Warp Gate  
  31  2:46  Probe x2  
  33  2:57  Probe  
  33  2:58  Probe  
  35  2:59  Phoenix  
  35  3:09  Probe  
  35  3:10  Probe  
  39  3:15  Adept  
  39  3:16  Gateway  
  41  3:21  Probe  
  41  3:22  Probe, Oracle  
  41  3:23  Pylon  
  46  3:37  Pylon  
  46  3:41  Probe x2  
  48  3:42  Gateway  
  48  3:52  Pylon  
  48  3:53  Probe x2  
  48  3:54  Oracle  
  50  4:00  Assimilator  
  53  4:04  Assimilator  
  53  4:05  Probe x2  
  53  4:08  Forge  
  55  4:17  Probe x2  
  55  4:18  Protoss Ground Weapons Level 1  
  57  4:29  Probe x2, Robotics Facility  
  59  4:32  Twilight Council  
  59  4:41  Probe x2  
  61  4:48  Nexus  
  61  4:51  Pylon  
  61  5:01  Probe x2  
  61  5:04  Pylon  
  63  5:22  Probe x2  
  63  5:27  Charge  
  65  5:34  Probe x2  
  65  5:35  Gateway  
  67  5:36  Gateway  
  67  5:37  Gateway  
  67  5:39  Observer  
  67  5:41  Sentry x2  
  72  5:43  Gateway  
  72  5:44  Templar Archives  
  72  5:45  Shield Battery  
  72  5:46  Probe x2, Pylon  
  74  5:50  Immortal  
  74  5:58  Probe x2  
  74  6:00  Protoss Ground Weapons Level 2  
  80  6:04  Probe  
  80  6:07  Pylon  
  80  6:09  Zealot  
  80  6:10  Probe x2, Zealot  
  87  6:11  Sentry  
  89  6:19  Probe, Pylon  
  89  6:22  Probe  
  91  6:28  Assimilator, Psionic Storm  
  91  6:30  Assimilator  
  91  6:31  Probe  
  91  6:32  Probe  
  93  6:38  Zealot x3  
  99  6:43  Immortal  
  103  6:48  Probe x3  
  106  6:54  Gateway  
  106  6:57  Gateway  
  106  7:02  Pylon  
  106  7:06  High Templar x2  
  106  7:07  Zealot x4  
  118  7:13  Immortal  
  118  7:16  Zealot  
  124  7:42  Zealot x4  
  132  7:50  Immortal  
  128  7:53  Zealot x3  
  130  8:01  Pylon  
  130  8:02  Pylon  
  130  8:03  Pylon  
  130  8:04  High Templar, Sentry  
  130  8:05  Pylon, High Templar, Zealot  
  110  8:15  Zealot x3  
  110  8:16  Zealot x2  
  116  8:24  Archon x2  
  116  8:26  Zealot  
  109  8:32  Zealot  
  107  8:34  Pylon  
  107  8:35  Pylon  
  107  8:37  Zealot x5  
  81  8:51  Zealot  
Tags
 
Add a new tag
Caveats
  • Supply blocks, unpowered buildings, or Contaminate may cause inaccurate times.
  • Supply counts are checked every 10 seconds.